MLB
PITTSBURGH PIRATES @ MILWAUKEE BREWERS
08/22/2047
 
TOP OF THE 1ST
Pittsburgh Pirates batting - Pitching for Milwaukee Brewers : RHP Cody Autry
Pitching: RHP Cody Autry
Batting: LHB Micah Boshnjaku 0-0: Ball
1-0: DOUBLE (Line Drive, 7LD, EV 114.4 MPH)
Batting: RHB Raul Mendoza 0-0: Hit by Pitch
Batting: SHB Marvin McAleer 0-0: Called Strike
0-1: Ball
1-1: Swinging Strike
1-2: Ball
2-2: Ball
3-2: Foul Ball, location: 2F
3-2: Base on Balls
Micah Boshnjaku to third
Raul Mendoza to second
Batting: RHB Mike Bates 0-0: Foul Ball, location: 2F
0-1: Ball
1-1: Ball
2-1: Foul Ball, location: 2F
2-2: Foul Ball, location: 2F
2-2: Foul Ball, location: 2F
2-2: Strikes out swinging
Batting: RHB David Contreras 0-0: Ball
1-0: Called Strike
1-1: Foul Ball, location: 2F
1-2: Foul Ball, location: 2F
1-2: Ball
2-2: Foul Ball, location: 2F
2-2: Strikes out looking
Batting: LHB Xavier Pittman 0-0: Called Strike
0-1: Called Strike
0-2: Ball
1-2: Ball
2-2: Ball
3-2: Base on Balls
Micah Boshnjaku scores
Raul Mendoza to third
Marvin McAleer to second
Batting: LHB Josh Cook 0-0: Ball
1-0: SINGLE (Groundball, 4MD, EV 96.9 MPH)
Raul Mendoza scores
Marvin McAleer to third
Xavier Pittman to second
Runner from 3rd tries for Home, SAFE, throw by CF to home
Batting: RHB Adam Burke 0-0: Called Strike
0-1: DOUBLE (Line Drive, 78D, EV 110.6 MPH)
Xavier Pittman scores
Josh Cook to third
Runner from 3rd tries for Home, SAFE, throw by LF to home
Batting: SHB Brad Day 0-0: Ground out 4-3 (Groundball, 34D, EV 100.6 MPH)
Top of the 1st over - 5 runs, 3 hits, 0 errors, 1 left on base; Pittsburgh 5 - Milwaukee 0
BOTTOM OF THE 1ST
Milwaukee Brewers batting - Pitching for Pittsburgh Pirates : LHP Tim Wichman
Pitching: LHP Tim Wichman
Batting: RHB Akitada Nishizawa 0-0: Called Strike
0-1: Swinging Strike
0-2: Ball
1-2: Ball
2-2: Foul Ball, location: 2F
2-2: Foul Ball, location: 2F
2-2: DOUBLE (Groundball, 5L, EV 102.5 MPH)
Batting: RHB Kisho Ito 0-0: Foul Ball, location: 2F
0-1: Foul Ball, location: 2F
0-2: Foul Ball, location: 2F
0-2: SINGLE (Line Drive, 8RS, EV 89.4 MPH)
Akitada Nishizawa to third
Batting: SHB Lewis Thorpe Jr. 0-0: Ball
1-0: Foul Ball, location: 2F
1-1: Ball
2-1: Called Strike
2-2: Ball
3-2: Foul Ball, location: 2F
3-2: Fly out, F8 (Line Drive, 8RM, EV 86.2 MPH)
Runner from 3rd tags up, OUT at HOME! 8-2
Kisho Ito to second
Batting: RHB Mike Thornton 0-0: Called Strike
0-1: Ball
1-1: Swinging Strike
1-2: Strikes out swinging
Bottom of the 1st over - 0 runs, 2 hits, 0 errors, 1 left on base; Pittsburgh 5 - Milwaukee 0
TOP OF THE 2ND
Pittsburgh Pirates batting - Pitching for Milwaukee Brewers : RHP Cody Autry
Batting: LHB Micah Boshnjaku 0-0: Ball
1-0: Ball
2-0: Called Strike
2-1: Fly out, F4 (Line Drive, 4, EV 68.1 MPH)
Batting: RHB Raul Mendoza 0-0: Ball
1-0: Called Strike
1-1: Ball
2-1: Ball
3-1: Called Strike
3-2: Base on Balls
Batting: SHB Marvin McAleer 0-0: Ball
1-0: Swinging Strike
1-1: Foul Ball, location: 2F
1-2: Ground out 4-3 (Groundball, 4S, EV 70.6 MPH)
Raul Mendoza to second
Batting: RHB Mike Bates 0-0: Ground out 1-3 (Groundball, 15S, EV 71.9 MPH)
Top of the 2nd over - 0 runs, 0 hits, 0 errors, 1 left on base; Pittsburgh 5 - Milwaukee 0
BOTTOM OF THE 2ND
Milwaukee Brewers batting - Pitching for Pittsburgh Pirates : LHP Tim Wichman
Batting: RHB Dave Gonzalez 0-0: Called Strike
0-1: Ball
1-1: SINGLE (Line Drive, 4MD, EV 104.4 MPH)
Batting: RHB Noah Stanley 0-0: Ball
1-0: Fly out, F8 (Line Drive, 8RD, EV 87.5 MPH)
Batting: SHB Pat Wilson 0-0: Ball
1-0: Called Strike
1-1: Ball
2-1: Foul Ball, location: 2F
2-2: Foul Ball, location: 2F
2-2: Strikes out swinging
Batting: RHB Adrian Rudkilde 0-0: Ball
1-0: Swinging Strike
1-1: Swinging Strike
1-2: SINGLE (Line Drive, 56D, EV 105.0 MPH)
Dave Gonzalez to second
Batting: RHB Ben Campbell 0-0: Ball
1-0: Called Strike
1-1: Ball
2-1: Ball
3-1: Ground out 4-3 (Groundball, 4, EV 83.1 MPH)
Bottom of the 2nd over - 0 runs, 2 hits, 0 errors, 2 left on base; Pittsburgh 5 - Milwaukee 0
TOP OF THE 3RD
Pittsburgh Pirates batting - Pitching for Milwaukee Brewers : RHP Cody Autry
Batting: RHB David Contreras 0-0: Ball
1-0: Called Strike
1-1: Foul Ball, location: 2F
1-2: Strikes out looking
Pitching: RHP Adam McCurdy
Batting: LHB Xavier Pittman 0-0: Called Strike
0-1: Ball
1-1: Ball
2-1: Ball
3-1: SINGLE (Groundball, 4M, EV 104.4 MPH) (infield hit)
Batting: LHB Josh Cook 0-0: Foul Ball, location: 2F
0-1: Called Strike
0-2: Ball
1-2: Foul Ball, location: 2F
1-2: Strikes out swinging
Batting: RHB Adam Burke 0-0: Foul Ball, location: 2F
0-1: Swinging Strike
0-2: Ball
1-2: Foul Ball, location: 2F
1-2: Foul Ball, location: 2F
1-2: Strikes out swinging
Top of the 3rd over - 0 runs, 1 hit, 0 errors, 1 left on base; Pittsburgh 5 - Milwaukee 0
BOTTOM OF THE 3RD
Milwaukee Brewers batting - Pitching for Pittsburgh Pirates : LHP Tim Wichman
Batting: RHB Akitada Nishizawa 0-0: Ball
1-0: Ball
2-0: Ground out 6-3 (Groundball, 6, EV 94.4 MPH)
Batting: RHB Kisho Ito 0-0: Foul Ball, location: 2F
0-1: Ball
1-1: Swinging Strike
1-2: Ball
2-2: Ball
3-2: Foul Ball, location: 2F
3-2: Fly out, F7 (Line Drive, 7, EV 97.5 MPH)
Batting: SHB Lewis Thorpe Jr. 0-0: Called Strike
0-1: Ball
1-1: Foul Ball, location: 2F
1-2: Ball
2-2: Foul Ball, location: 2F
2-2: Strikes out swinging
Bottom of the 3rd over - 0 runs, 0 hits, 0 errors, 0 left on base; Pittsburgh 5 - Milwaukee 0
TOP OF THE 4TH
Pittsburgh Pirates batting - Pitching for Milwaukee Brewers : RHP Adam McCurdy
Batting: SHB Brad Day 0-0: Called Strike
0-1: Swinging Strike
0-2: Ball
1-2: Foul Ball, location: 2F
1-2: Ball
2-2: Ball
3-2: Base on Balls
Batting: LHB Micah Boshnjaku 0-0: Ball
1-0: Grounds into double play, 6-4-3 (Groundball, 6, EV 101.9 MPH)
Batting: RHB Raul Mendoza 0-0: Foul Ball, location: 2F
0-1: Ball
1-1: Ball
2-1: Foul Ball, location: 2F
2-2: Strikes out swinging
Top of the 4th over - 0 runs, 0 hits, 0 errors, 0 left on base; Pittsburgh 5 - Milwaukee 0
BOTTOM OF THE 4TH
Milwaukee Brewers batting - Pitching for Pittsburgh Pirates : LHP Tim Wichman
Batting: RHB Mike Thornton 0-0: Foul Ball, location: 2F
0-1: Ball
1-1: DOUBLE (Line Drive, 7LM, EV 98.8 MPH)
Batting: RHB Dave Gonzalez 0-0: Swinging Strike
0-1: Foul Ball, location: 2F
0-2: Strikes out swinging
Batting: RHB Noah Stanley 0-0: Swinging Strike
0-1: Ball
1-1: Foul Ball, location: 2F
1-2: Ball
2-2: Ball
3-2: Fly out, F9 (Line Drive, 89M, EV 90.0 MPH)
Batting: SHB Pat Wilson 0-0: Foul Ball, location: 2F
0-1: Called Strike
0-2: Foul Ball, location: 2F
0-2: Ball
1-2: SINGLE (Groundball, 4MS, EV 66.9 MPH) (infield hit)
Mike Thornton to third
Batting: RHB Adrian Rudkilde 0-0: Foul Ball, location: 2F
0-1: Called Strike
0-2: Foul Ball, location: 2F
0-2: Foul Ball, location: 2F
0-2: SINGLE (Flyball, 8RS, EV 84.4 MPH)
Mike Thornton scores
Pat Wilson to second
Batting: RHB Ben Campbell 0-0: Ball
1-0: Called Strike
1-1: Ball
2-1: Fly out, F8 (Flyball, 8RD, EV 91.9 MPH)
Bottom of the 4th over - 1 run, 3 hits, 0 errors, 2 left on base; Pittsburgh 5 - Milwaukee 1
TOP OF THE 5TH
Pittsburgh Pirates batting - Pitching for Milwaukee Brewers : RHP Adam McCurdy
Batting: SHB Marvin McAleer 0-0: DOUBLE (Line Drive, 89XD, EV 102.5 MPH)
Batting: RHB Mike Bates 0-0: Ball
1-0: Called Strike
1-1: Swinging Strike
1-2: Foul Ball, location: 2F
1-2: Foul Ball, location: 2F
1-2: Strikes out swinging
Batting: RHB David Contreras 0-0: Ball
Wild Pitch!
Marvin McAleer to third
1-0: Foul Ball, location: 2F
1-1: Foul Ball, location: 2F
1-2: Foul Ball, location: 2F
1-2: Ball
2-2: Foul Ball, location: 2F
2-2: Foul Ball, location: 2F
2-2: Fly out, F8 (Flyball, 8RM, EV 80.6 MPH)
Runner from 3rd tags up, OUT at HOME! 8-2
Top of the 5th over - 0 runs, 1 hit, 0 errors, 0 left on base; Pittsburgh 5 - Milwaukee 1
BOTTOM OF THE 5TH
Milwaukee Brewers batting - Pitching for Pittsburgh Pirates : LHP Tim Wichman
Batting: RHB Akitada Nishizawa 0-0: Ball
1-0: Foul Ball, location: 2F
1-1: Ground out 6-3 (Groundball, 6, EV 76.9 MPH)
Batting: RHB Kisho Ito 0-0: Ball
1-0: Called Strike
1-1: Called Strike
1-2: Foul Ball, location: 2F
1-2: DOUBLE (Line Drive, 9LM, EV 102.5 MPH)
Batting: SHB Lewis Thorpe Jr. 0-0: Ground out 4-3 (Groundball, 4, EV 100.0 MPH)
Kisho Ito to third
Batting: RHB Mike Thornton 0-0: Ball
1-0: Ball
2-0: Foul Ball, location: 2F
2-1: Ground out 4-3 (Groundball, 4, EV 103.8 MPH)
Bottom of the 5th over - 0 runs, 1 hit, 0 errors, 1 left on base; Pittsburgh 5 - Milwaukee 1
TOP OF THE 6TH
Pittsburgh Pirates batting - Pitching for Milwaukee Brewers : RHP Adam McCurdy
Pitching: RHP Chris Geraci
Batting: LHB Xavier Pittman 0-0: Ball
1-0: Called Strike
1-1: Ground out 6-3 (Groundball, 6, EV 102.5 MPH)
Batting: LHB Josh Cook 0-0: Ball
1-0: Ball
2-0: Ball
3-0: Base on Balls
Batting: RHB Adam Burke 0-0: Swinging Strike
0-1: Ball
1-1: Ball
2-1: Foul Ball, location: 2F
2-2: Ball
3-2: Base on Balls
Josh Cook to second
Batting: SHB Brad Day 0-0: SINGLE (Groundball, 4M, EV 101.2 MPH) (infield hit)
Josh Cook to third
Adam Burke to second
Batting: LHB Micah Boshnjaku 0-0: Grounds into double play, 5-4-3 (Groundball, 5, EV 76.2 MPH)
Top of the 6th over - 0 runs, 1 hit, 0 errors, 2 left on base; Pittsburgh 5 - Milwaukee 1
BOTTOM OF THE 6TH
Milwaukee Brewers batting - Pitching for Pittsburgh Pirates : LHP Tim Wichman
Batting: RHB Dave Gonzalez 0-0: Foul Ball, location: 2F
0-1: Foul Ball, location: 2F
0-2: Ball
1-2: Fly out, F7 (Flyball, 78M, EV 91.2 MPH)
Pitching: RHP Walt Quinn
Batting: RHB Noah Stanley 0-0: Swinging Strike
0-1: Ball
1-1: Foul Ball, location: 2F
1-2: Foul Ball, location: 2F
1-2: Strikes out swinging, 2-3 out at first.
Batting: SHB Pat Wilson 0-0: Called Strike
0-1: Ball
1-1: Called Strike
1-2: Ball
2-2: Ball
3-2: Ground out 6-3 (Groundball, 6, EV 83.8 MPH)
Bottom of the 6th over - 0 runs, 0 hits, 0 errors, 0 left on base; Pittsburgh 5 - Milwaukee 1
TOP OF THE 7TH
Pittsburgh Pirates batting - Pitching for Milwaukee Brewers : RHP Chris Geraci
Pitching: RHP Jake Koehler
Batting: RHB Raul Mendoza 0-0: Ball
1-0: Ball
2-0: Called Strike
2-1: Foul Ball, location: 2F
2-2: SINGLE (Line Drive, 9LS, EV 100.0 MPH)
Batting: SHB Marvin McAleer 0-0: Ball
1-0: Fly out, F6 (Line Drive, 6, EV 65.0 MPH)
Batting: RHB Mike Bates 0-0: Ball
1-0: Ball
2-0: Ball
3-0: Base on Balls
Raul Mendoza to second
Batting: RHB David Contreras 0-0: Ball
1-0: Called Strike
1-1: SINGLE (Groundball, 56S, EV 63.8 MPH) (infield hit)
Raul Mendoza to third
Mike Bates to second
Batting: LHB Xavier Pittman 0-0: Ball
1-0: Fly out, F8 (Flyball, 8LXD, EV 100.0 MPH)
Runner from 3rd tags up, SCORES, no throw by CF
Mike Bates to third
Batting: LHB Josh Cook 0-0: Fly out, F9 (Flyball, 89S, EV 90.6 MPH)
Top of the 7th over - 1 run, 2 hits, 0 errors, 2 left on base; Pittsburgh 6 - Milwaukee 1
BOTTOM OF THE 7TH
Milwaukee Brewers batting - Pitching for Pittsburgh Pirates : RHP Walt Quinn
Batting: RHB Adrian Rudkilde 0-0: Called Strike
0-1: Ball
1-1: Ball
2-1: Foul Ball, location: 2F
2-2: Fly out, F8 (Flyball, 8RD, EV 105.6 MPH)
Batting: RHB Ben Campbell 0-0: Called Strike
0-1: Ground out U3 (Groundball, 34S, EV 80.0 MPH)
Batting: RHB Akitada Nishizawa 0-0: Called Strike
0-1: Ball
1-1: Foul Ball, location: 2F
1-2: Ball
2-2: Strikes out swinging
Bottom of the 7th over - 0 runs, 0 hits, 0 errors, 0 left on base; Pittsburgh 6 - Milwaukee 1
TOP OF THE 8TH
Pittsburgh Pirates batting - Pitching for Milwaukee Brewers : RHP Jake Koehler
Batting: RHB Adam Burke 0-0: Called Strike
0-1: Fly out, F9 (Line Drive, 9LM, EV 88.8 MPH)
Batting: SHB Brad Day 0-0: Ball
1-0: Ground out 4-3 (Groundball, 4, EV 90.0 MPH)
Batting: LHB Micah Boshnjaku 0-0: Called Strike
0-1: Ball
1-1: Foul Ball, location: 2F
1-2: Ball
2-2: Fly out, F9 (Flyball, 89M, EV 86.9 MPH)
Top of the 8th over - 0 runs, 0 hits, 0 errors, 0 left on base; Pittsburgh 6 - Milwaukee 1
BOTTOM OF THE 8TH
Milwaukee Brewers batting - Pitching for Pittsburgh Pirates : RHP Walt Quinn
Batting: RHB Kisho Ito 0-0: Foul Ball, location: 2F
0-1: Ball
1-1: Ball
2-1: Fly out, F8 (Line Drive, 8RM, EV 99.4 MPH)
Batting: SHB Lewis Thorpe Jr. 0-0: Swinging Strike
0-1: Ball
1-1: Foul Ball, location: 2F
1-2: DOUBLE (Line Drive, 89D, EV 103.1 MPH)
Batting: RHB Mike Thornton 0-0: Called Strike
0-1: Called Strike
0-2: Ball
1-2: Strikes out swinging
Batting: RHB Dave Gonzalez 0-0: Ball
1-0: Foul Ball, location: 2F
1-1: Foul Ball, location: 2F
1-2: Strikes out looking
Bottom of the 8th over - 0 runs, 1 hit, 0 errors, 1 left on base; Pittsburgh 6 - Milwaukee 1
TOP OF THE 9TH
Pittsburgh Pirates batting - Pitching for Milwaukee Brewers : RHP Jake Koehler
Batting: RHB Raul Mendoza 0-0: Ball
1-0: Foul Ball, location: 2F
1-1: Called Strike
1-2: Ground out 5-3 (Groundball, 56, EV 81.9 MPH)
Pitching: RHP Mark Hincks
Batting: SHB Marvin McAleer 0-0: Called Strike
0-1: Called Strike
0-2: Ball
1-2: Ball
2-2: SINGLE (Line Drive, 9LS, EV 93.1 MPH)
Batting: RHB Mike Bates 0-0: Ball
1-0: Ball
Marvin McAleer steals 2nd base
2-0: Called Strike
2-1: Ball
3-1: Ground out 6-3 (Groundball, 6, EV 85.6 MPH)
Marvin McAleer to third
Batting: RHB David Contreras 0-0: Ball
1-0: Called Strike
1-1: Ball
2-1: Foul Ball, location: 2F
2-2: Foul Ball, location: 2F
2-2: Fly out, F9 (Flyball, 89D, EV 103.8 MPH)
Top of the 9th over - 0 runs, 1 hit, 0 errors, 1 left on base; Pittsburgh 6 - Milwaukee 1
BOTTOM OF THE 9TH
Milwaukee Brewers batting - Pitching for Pittsburgh Pirates : RHP Walt Quinn
Batting: RHB Noah Stanley 0-0: Ball
1-0: Ball
2-0: Ball
3-0: Called Strike
3-1: Base on Balls
Batting: SHB Pat Wilson 0-0: Ball
1-0: Foul Ball, location: 2F
1-1: Ball
2-1: Swinging Strike
2-2: Fly out, F8 (Flyball, 8LM, EV 94.4 MPH)
Batting: RHB Adrian Rudkilde 0-0: Called Strike
0-1: Foul Ball, location: 2F
0-2: Ball
1-2: Foul Ball, location: 2F
1-2: Ball
2-2: Ball
3-2: Base on Balls
Noah Stanley to second
Batting: RHB Ben Campbell 0-0: Called Strike
0-1: Ball
1-1: Foul Ball, location: 2F
1-2: Strikes out swinging
Pitching: LHP Marko Emchenko
Batting: RHB Akitada Nishizawa 0-0: Ball
1-0: Ground out 3-1 (Groundball, 34, EV 80.6 MPH)
Bottom of the 9th over - 0 runs, 0 hits, 0 errors, 2 left on base; Pittsburgh 6 - Milwaukee 1
Thursday, December 15th , 2022 - OOTP Baseball 23.9 Build 102